 Dungeon Crawl Stone Soup version 0.28-a0-622-gbaef9634d7 (webtiles) character file.

Game seed: 3912479121590374065

197245 Armakuni the Demon Slayer (level 19, -5/155 HPs)
             Began as a Human Gladiator on Oct 7, 2021.
             Was a High Priest of the Shining One.
             Slain by Donald (34 damage)
             ... on level 2 of the Lair of Beasts.
             The game lasted 01:49:59 (32442 turns).

Armakuni the Demon Slayer (Human Gladiator)        Turns: 32442, Time: 01:50:00

Health: -5/155     AC: 29    Str: 20      XL:     19   Next: 10%
Magic:  14/30      EV: 18    Int: 17      God:    the Shining One [*****.]
Gold:   623        SH:  6    Dex: 20 (21) Spells: 21/28 levels left

rFire   . . .      SeeInvis +   b - staff of cold
rCold   + . .      Faith    .   u - +0 buckler of the Stars {rF- rCorr Str+4 Dex+5}
rNeg    + + .      Spirit   .   c - +6 chain mail {rPois}
rPois   +          Reflect  .   m - +1 helmet {Int+3}
rElec   +          Harm     .   x - scarf {repulsion}
rCorr   +          Rampage  .   d - +2 pair of gloves
Will    +....                   y - +2 pair of boots
Stlth   ..........              R - amulet of regeneration
HPRegen 1.35/turn               E - ring "Paomudy" {rElec EV+4 SInv}
MPRegen 0.22/turn               C - ring of protection from fire

@: glowing, repel missiles
A: no striking features
}: 1/15 runes: gossamer
a: Renounce Religion, Divine Shield, Cleansing Flame, Summon Divine Warrior


You were on level 2 of the Lair of Beasts.
You worshipped the Shining One.
The Shining One was extremely pleased with you.
You visited 7 branches of the dungeon, and saw 30 of its levels.
You also visited: Sewer, Ice Cave and Volcano.

You collected 2879 gold pieces.
You spent 2256 gold pieces at shops.

Inventory:

Hand Weapons
 a - a +1 lajatang
Missiles
 I - 2 curare-tipped darts
Armour
 c - a +6 chain mail of poison resistance (worn)
 d - a +2 pair of gloves (worn)
 m - a +1 helmet of intelligence (worn)
 q - +0 fire dragon scales
 u - the +0 buckler of the Stars (worn) {rF- rCorr Str+4 Dex+5}
   (You bought it in a shop on level 3 of the Dungeon)

   Str:       It affects your strength (+4).
   Dex:       It affects your dexterity (+5).
   rF:        It makes you vulnerable to fire.
   rCorr:     It protects you from acid and corrosion.
 x - a scarf of repulsion (worn)
 y - a +2 pair of boots (worn)
Magical Staves
 b - a staff of cold (weapon)
Jewellery
 C - a ring of protection from fire (right hand)
 E - the ring "Paomudy" (left hand) {rElec EV+4 SInv}
   (You found it on level 1 of the Lair of Beasts)

   [ring of evasion]

   EV:        It affects your evasion (+4).
   rElec:     It insulates you from electricity.
   SInv:      It lets you see invisible.
 J - a ring of ice
 M - a ring of protection from cold
 R - an amulet of regeneration (around neck)
 W - a ring of wizardry
Wands
 f - a wand of flame (39)
 i - a wand of digging (18)
 A - a wand of polymorph (11)
Scrolls
 e - a scroll of vulnerability
 g - 3 scrolls of fog
 h - 10 scrolls of teleportation
 r - a scroll of enchant armour
 s - 3 scrolls of silence
 v - a scroll of immolation
 w - 5 scrolls of magic mapping
 z - 6 scrolls of noise
 D - a scroll of brand weapon
 G - 3 scrolls of amnesia
 L - 13 scrolls of identify
Potions
 j - 9 potions of curing
 k - 3 potions of resistance
 l - 4 potions of mutation
 n - 3 potions of flight
 o - 2 potions of lignification
 F - 5 potions of ambrosia
 H - 2 potions of brilliance
 K - a potion of magic
Miscellaneous
 p - a box of beasts
 t - a tin of tremorstones (2/2)


   Skills:
 - Level 15.0 Fighting
 - Level 14.0 Staves
 - Level 2.0 Throwing
 - Level 15.0 Armour
 - Level 10.0 Dodging
 - Level 4.0 Shields
 + Level 5.2 Spellcasting
 - Level 12.3 Ice Magic
 - Level 15.0 Invocations
 - Level 10.0 Evocations


You had 21 spell levels left.
You knew the following spells:

 Your Spells              Type           Power      Damage    Failure   Level
a - Apportation           Tloc           8%         N/A       58%         1
o - Ozocubu's Armour      Ice            62%        N/A       1%          3
r - Frozen Ramparts       Ice            100%       1d12      1%          3

Your spell library contained the following spells:

 Spells                   Type           Power      Damage    Failure   Level
 Freeze                   Ice            100%       1d11      1%          1
 Hailstorm                Conj/Ice       38%        3d9       52%         4
 Ice Form                 Ice/Tmut       38%        N/A       52%         4
 Summon Ice Beast         Ice/Summ       38%        N/A       52%         4
 Animate Skeleton         Necr           8%         N/A       58%         1
 Pain                     Necr           16%        1d4       58%         1
 Summon Small Mammal      Summ           16%        N/A       58%         1
 Slow                     Hex            4%         N/A       75%         2
 Metabolic Englaciation   Hex/Ice        19%        N/A       86%         5
 Confusing Touch          Hex            4%         N/A       92%         3
 Gell's Gravitas          Tloc           2%         N/A       92%         3
 Teleport Other           Tloc           4%         N/A       92%         3
 Vampiric Draining        Necr           2%         2d6       92%         3
 Animate Armour           Summ/Erth      8%         N/A       100%        4
 Leda's Liquefaction      Hex/Erth       2%         N/A       100%        4
 Blade Hands              Tmut           2%         N/A       100%        5
 Irradiate                Conj/Tmut      2%         3d14      100%        5
 Lee's Rapid Deconstruct  Erth           2%         3d5*      100%        5
 Yara's Violent Unravell  Hex/Tmut       2%         3d3       100%        5
 Dispersal                Tloc           2%         N/A       100%        6
 Iron Shot                Conj/Erth      2%         9d2       100%        6
 Simulacrum               Ice/Necr       19%        N/A       100%        6
 Statue Form              Tmut/Erth      2%         N/A       100%        6
 Dragon Form              Tmut           2%         N/A       100%        7


Dungeon Overview and Level Annotations

Branches:
Dungeon (15/15)            Temple (1/1) D:7            Lair (6/6) D:9
 Shoals (1/4) Lair:2       Spider (4/4) Lair:4        Slime (0/5) Lair:5
    Orc (2/2) D:10            Elf (0/3) Orc:2        Vaults (0/5) D:14
 Depths (1/4) D:15          Sewer (visited)           IceCv (visited)
Volcano (visited)

Altars:
Ashenzari
Cheibriados
Dithmenos
Elyvilon
Fedhas
Gozag
Hepliaklqana
Kikubaaqudgha
Makhleb
Nemelex Xobeh
Okawaru
Qazlal
Ru
Sif Muna
Trog
Uskayaw
Vehumet
Wu Jian
Xom
Yredelemnul
Zin
The Shining One
Jiyva

Shops:
D:3 [   D:7 (   D:8 *   D:9 [   D:15 [   Orc:1 [   Orc:2 *[*[

Portals:
Ziggurat: Depths:1
Trove: D:12 (give 17 scrolls of teleportation)

Annotations:
D:12 2 transporters, sn0wgr3's ghost, journeyman GrFi
Lair:2 Donald


Message History

Donald is severely wounded.
You hear an angry hiss.
You hear a bleat!
Donald says, "The sirens are starting to hurt my ears."
Donald hits you with a +0 scimitar of holy wrath!
* * * LOW HITPOINT WARNING * * *
The merfolk javelineer throws a silver javelin.
The silver javelin misses you. You block the manticore's attack.
The manticore closely misses you.
The manticore claws you but does no damage.
Unknown command.
The golden flame engulfs you but does no damage.
The golden flame engulfs the manticore!!
You kill the manticore!
The golden flame engulfs Donald.
Donald is severely wounded.
You hear a bleat!
You hear a shout!
Donald hits you with a +0 scimitar of holy wrath!!
* * * LOW HITPOINT WARNING * * *
The merfolk javelineer throws a silver javelin.
The silver javelin barely misses you. You block Donald's attack.
You feel your dexterity returning.
The merfolk javelineer throws a silver javelin.
The silver javelin completely misses you.
A sea snake comes into view.
There is a staircase back to the Lair here.
You see here a manticore corpse.
Donald hits you with a +0 scimitar of holy wrath!
* * * LOW HITPOINT WARNING * * *
The merfolk javelineer throws a silver javelin.
The silver javelin misses you.
Donald hits you with a +0 scimitar of holy wrath!
* * * LOW HITPOINT WARNING * * *
You climb upwards.
Welcome back to the Lair of Beasts!
There is a staircase to the Shoals here.
You feel much better.
Donald hits you with a +0 scimitar of holy wrath!!
* * * LOW HITPOINT WARNING * * *
You feel much better.
Donald hits you with a +0 scimitar of holy wrath!!
You die...

#.......# #........## #......###
######......##
.....÷...####P#.P#......#
........................######
........................#.#.P####
.........................[.......
.....................(...........
.................................
....÷..........@@................
........##..####.#...............
#P..>÷..##### ##................
##...÷÷.# #........##.#.P#.
#......# ##......#########
##..÷...### #.......# #.......#.#
#.......# ##...[...## #......##
##......## #....^.##


You could see Donald (fast, strong).

Vanquished Creatures
  Bai Suzhen (Spider:4)
  Rupert (D:13)
  Roxanne (Spider:1)
  5 ghost moths (Spider:4)
  3 emperor scorpions
  5 very ugly things (D:15)
  Snorg (Lair:3)
  A red draconian (Volcano)
  Azrael (D:13)
  4 dire elephants
  4 spark wasps
  A fire dragon (Lair:6)
  A merfolk impaler (Depths:1)
  Josephine (D:15)
  A rakshasa (D:15)
  5 boulder beetles
  10 hydras
  4 two-headed ogres
  5 vault guards (D:14)
  6 centaur warriors
  2 catoblepae
  An alligator (D:15)
  6 death yaks
  5 orc high priests
  A spectral death yak (Lair:6)
  A deep troll (D:15)
  A spectral anaconda (Lair:6)
  A bog body (IceCv)
  A harpy (shapeshifter) (D:14)
  A glowing orange brain (D:14)
  An obsidian statue (Lair:6)
  Pikel (D:7)
  5 harpies (Shoals:1)
  An orb spider (shapeshifter) (D:14)
  4 necromancers
  A deep elf pyromancer (D:13)
  3 orc knights (Orc:2)
  7 orb spiders
  17 ugly things
  2 oklob plants
  6 manticores
  8 orc sorcerers
  31 wolf spiders
  A salamander (D:15)
  3 cyclopes
  A salamander (shapeshifter) (D:14)
  18 elephants
  3 centaur zombies
  3 moths of wrath
  3 black mambas
  A gargoyle (Volcano)
  5 torpor snails
  A molten gargoyle (Volcano)
  2 ice statues (IceCv)
  2 dire elephant skeletons (Lair:6)
  15 cane toads
  A rime drake (shapeshifter) (Spider:4)
  An efreet (D:13)
  A yaktaur (D:14)
  14 rime drakes
  A tengu conjurer (D:14)
  11 komodo dragons
  An unseen horror (D:11)
  4 ice devils (IceCv)
  3 entropy weaver simulacra (IceCv)
  3 anaconda simulacra (IceCv)
  A merfolk (Shoals:1)
  9 demonic crawlers
  A polar bear (Lair:2)
  A meliai (Spider:3)
  6 trolls
  35 jumping spiders
  A wolf spider simulacrum (Lair:1)
  Prince Ribbit (D:8)
  A raiju (shapeshifter) (D:15)
  3 wind drakes
  11 hornets
  13 dream sheep
  26 blink frogs
  9 slime creatures
  2 raiju
  2 spectral elephants (Lair:6)
  A shadow (D:5)
  38 tarantellas
  6 wraiths
  63 redbacks
  74 yaks
  2 fire bats (Volcano)
  3 wyverns
  4 vampires
  A human (D:14)
  A basilisk (shapeshifter) (D:4)
  7 basilisks
  7 steam dragons
  17 vampire mosquitoes
  3 death yak simulacra (Lair:6)
  4 harpy simulacra (IceCv)
  A catoblepas simulacrum (Lair:1)
  The ghost of sn0wgr3 the Shield-Bearer, an amateur GrFi (D:4)
  3 spectral cane toads (Lair:6)
  A warg (shapeshifter) (D:13)
  A warg (Orc:2)
  5 hell hounds (D:13)
  10 water moccasins
  A hydra simulacrum (Lair:1)
  22 orc warriors
  5 black bears
  A necrophage (D:6)
  6 ogres
  14 wolves
  A phantom (D:5)
  15 centaurs
  An elephant skeleton (Lair:6)
  3 kobold brigands
  A gnoll sergeant (D:7)
  15 bullfrogs
  2 wyvern zombies (D:7)
  8 scorpions
  4 earth elementals (D:14)
  4 cane toad simulacra (Lair:6)
  An elephant simulacrum (IceCv)
  2 howler monkeys (D:9)
  9 wights
  An electric eel (Lair:2)
  4 lava snakes (Volcano)
  2 bullfrog zombies
  3 bullfrog skeletons
  9 jellies
  A water moccasin simulacrum (Lair:1)
  4 hounds
  Crazy Yiuf (D:2)
  20 orc priests
  23 orc wizards
  2 iguanas (D:5)
  2 spriggan simulacra (IceCv)
  A wolf simulacrum (IceCv)
  2 killer bee zombies
  A bullfrog simulacrum (Lair:1)
  2 hound skeletons (D:5)
  2 howler monkey zombies
  Robin (D:2)
  3 gnolls (D:7)
  A howler monkey skeleton (D:5)
  2 river rats (D:3)
  6 adders
  A white imp (D:5)
  A worm (D:3)
  3 dart slugs
  71 orcs
  18 endoplasms
  10 giant cockroaches
  23 goblins
  10 hobgoblins
  6 jackals
  14 kobolds
  3 quokkas
  11 ball pythons
  2 bats
  10 frilled lizards
  10 rats
1042 creatures vanquished.

Vanquished Creatures (collateral kills)
  An orc sorcerer (Orc:2)
  A rime drake (Lair:2)
  An orc warrior (Orc:2)
  An orc priest (Orc:1)
  A worm (D:3)
  An orc (Orc:1)
6 creatures vanquished.

Vanquished Creatures (others)
  2 orc knights (Orc:2)
  A wolf spider (Spider:4)
  A tengu conjurer (D:14)
  A jumping spider (Spider:3)
  2 blink frogs (Lair:3)
  An orc wizard (Orc:2)
  A butterfly (Lair:6)
  72 fungi
  80 plants
  23 withered plants (Lair:6)
184 creatures vanquished.

Grand Total: 1232 creatures vanquished

Notes
Turn   | Place    | Note
-------+----------+-------------------------------------------
     0 | D:1      | Armakuni the Human Gladiator began the quest for the Orb.
     0 | D:1      | Reached XP level 1. HP: 16/16 MP: 1/1
    44 | D:1      | Reached XP level 2. HP: 14/22 MP: 2/2
   530 | D:1      | Found a faded altar of an unknown god.
   562 | D:1      | Reached XP level 3. HP: 28/28 MP: 3/3
   958 | D:2      | Noticed Robin
  1421 | D:2      | Reached XP level 4. HP: 25/35 MP: 4/4
  1514 | D:2      | Killed Robin
  1707 | D:2      | Found a runed translucent door.
  1708 | D:2      | Noticed Crazy Yiuf
  1729 | D:2      | Killed Crazy Yiuf
  2033 | D:2      | Reached XP level 5. HP: 41/41 MP: 5/5
  2386 | D:3      | Found Wocwua's Antique Armour Shoppe.
  2559 | D:3      | Found a glowing drain.
  2581 | Sewer    | Entered a sewer
  2830 | Sewer    | Noticed a bullfrog
  2838 | Sewer    | Killed a bullfrog
  2839 | Sewer    | Reached skill level 5 in Staves
  2839 | Sewer    | Reached XP level 6. HP: 44/49 MP: 6/6
  3327 | D:4      | Reached skill level 5 in Fighting
  3327 | D:4      | Reached XP level 7. HP: 39/56 MP: 7/7
  3821 | D:4      | Noticed a shapeshifter
  3821 | D:4      | an orc priest changed into a shapeshifter
  3821 | D:4      | Noticed a basilisk
  3821 | D:4      | a shapeshifter changed into a basilisk
  3826 | D:4      | Killed a basilisk
  4494 | D:4      | Found a runed translucent door.
  4494 | D:4      | Noticed sn0wgr3's ghost (amateur GrFi)
  4507 | D:4      | Killed sn0wgr3's ghost
  4624 | D:4      | Reached XP level 8. HP: 64/64 MP: 8/8
  4970 | D:5      | Entered Level 5 of the Dungeon
  5102 | D:5      | Found a glowing silver altar of Zin.
  5175 | D:5      | Noticed a shadow
  5188 | D:5      | Killed a shadow
  5738 | D:5      | Reached XP level 9. HP: 46/74 MP: 9/9
  5891 | D:5      | Found a hazy altar of Hepliaklqana.
  6766 | D:6      | Found a burning altar of Makhleb.
  7152 | D:6      | Reached XP level 10. HP: 82/83 MP: 10/10
  7431 | D:7      | Noticed Pikel
  7448 | D:7      | Killed Pikel
  7449 | D:7      | Reached skill level 10 in Fighting
  7449 | D:7      | Reached skill level 10 in Staves
  7539 | D:7      | Reached skill level 1 in Evocations
  7855 | D:7      | Found a staircase to the Ecumenical Temple.
  7861 | Temple   | Entered the Ecumenical Temple
  8032 | Temple   | Became a worshipper of the Shining One
  8311 | D:7      | Found Kirghael's Antique Weapon Emporium.
  8315 | D:7      | Bought an ivory quarterstaff for 252 gold pieces
  8315 | D:7      | Identified the +4 quarterstaff "Newtbane" {elec, rF- rN+
                  | rCorr} (You bought it in a shop on level 7 of the Dungeon)
  8739 | D:8      | Found Posiemaj's Neck Hole.
  9415 | D:8      | Noticed Prince Ribbit
  9418 | D:8      | Killed Prince Ribbit
  9505 | D:9      | Reached * piety under the Shining One
  9775 | D:9      | Found a sparkling altar of Nemelex Xobeh.
  9789 | D:9      | Found a white marble altar of Elyvilon.
  9813 | D:9      | Reached skill level 5 in Evocations
  9813 | D:9      | Reached XP level 11. HP: 90/90 MP: 11/11
 10065 | D:9      | Found Leas's Armour Shoppe.
 10116 | D:9      | Found a staircase to the Lair.
 10144 | D:9      | Found an ancient bone altar of Kikubaaqudgha.
 10387 | D:10     | Entered Level 10 of the Dungeon
 10480 | D:10     | Found a staircase to the Orcish Mines.
 10639 | D:10     | Noticed a two-headed ogre
 10643 | D:10     | Killed a two-headed ogre
 11158 | D:10     | Reached ** piety under the Shining One
 11231 | D:10     | Found an ornate altar of the Wu Jian Council.
 11294 | Orc:1    | Entered Level 1 of the Orcish Mines
 11553 | Orc:1    | Reached skill level 10 in Evocations
 11567 | Orc:1    | Reached skill level 1 in Invocations
 11720 | Orc:1    | Reached XP level 12. HP: 97/97 MP: 9/13
 11913 | Orc:1    | Found Momu's Antique Armour Shop.
 12228 | D:3      | Bought a brightly glowing plate armour for 700 gold pieces
 12228 | D:3      | Identified the +7 plate armour of Beyw {SInv} (You bought
                  | it in a shop on level 3 of the Dungeon)
 12378 | Lair:1   | Entered Level 1 of the Lair of Beasts
 12411 | D:9      | Reached skill level 1 in Armour
 12656 | Lair:1   | Reached skill level 5 in Dodging
 12733 | Lair:1   | Found a transporter.
 12866 | Lair:1   | Found a transporter.
 12906 | Lair:1   | Reached skill level 5 in Armour
 13603 | Lair:2   | Reached XP level 13. HP: 94/103 MP: 11/15
 13654 | Lair:2   | Noticed a six-headed hydra
 13654 | Lair:2   | Reached *** piety under the Shining One
 13670 | Lair:2   | Killed a six-headed hydra
 13729 | Lair:2   | Found a staircase to the Shoals.
 13859 | Lair:2   | Noticed a seven-headed hydra
 14268 | Lair:2   | Killed a seven-headed hydra
 14440 | Lair:3   | Noticed a four-headed hydra
 14452 | Lair:3   | Killed a four-headed hydra
 14550 | Lair:3   | Noticed an eight-headed hydra
 14559 | Lair:3   | Killed an eight-headed hydra
 14560 | Lair:3   | Reached skill level 10 in Dodging
 14584 | Lair:3   | Found a dark tunnel.
 14590 | Volcano  | Entered a volcano
 14794 | Volcano  | Found a radiant altar of Vehumet.
 14794 | Volcano  | Noticed a centaur warrior
 14810 | Volcano  | Killed a centaur warrior
 14864 | Volcano  | Reached skill level 10 in Armour
 14865 | Volcano  | Identified the +2 leather armour of the Assorted Emperors
                  | {rElec rF- rCorr Dex+4}
 14914 | Volcano  | Noticed a red draconian
 14927 | Volcano  | Killed a red draconian
 15013 | Lair:3   | Noticed Snorg
 15116 | Lair:3   | Killed Snorg
 15117 | Lair:3   | Reached skill level 5 in Invocations
 15128 | Lair:3   | Reached XP level 14. HP: 104/110 MP: 16/18
 16071 | Lair:4   | Found a hole to the Spider Nest.
 16581 | Lair:4   | Found a blossoming altar of Fedhas.
 17133 | Lair:5   | Reached skill level 10 in Invocations
 17731 | Lair:5   | Found a staircase to the Slime Pits.
 17731 | Lair:5   | Found a viscous altar of Jiyva.
 18007 | Lair:6   | Entered Level 6 of the Lair of Beasts
 18117 | Lair:6   | Reached XP level 15. HP: 92/115 MP: 22/22
 18231 | Lair:6   | Reached **** piety under the Shining One
 18605 | Lair:6   | Noticed Sonja
 18611 | Lair:6   | Noticed Sonja
 18611 | Lair:6   | Sonja changed into Sonja the scorpion
 18618 | Lair:6   | Killed Sonja the scorpion
 18977 | Lair:6   | Learned a level 1 spell: Apportation
 19439 | Lair:6   | Identified the +2 ring mail "Loupyec" {rF++ Str-4 Stlth+}
 20223 | Orc:2    | Entered Level 2 of the Orcish Mines
 20223 | Orc:2    | Found a staircase to the Elven Halls.
 20487 | Orc:2    | Found Tol Ocw's General Store.
 20496 | Orc:2    | Reached skill level 15 in Invocations
 20536 | Orc:2    | Reached XP level 16. HP: 122/122 MP: 17/27
 20646 | Orc:2    | Found Piz Mavu's Assorted Antiques.
 20653 | Orc:2    | Found Giyboton's Antique Armour Emporium.
 20655 | Orc:2    | Found Poowib's Antique Armour Shop.
 20893 | Orc:2    | Paralysed by an orc sorcerer for 7 turns
 21347 | Orc:2    | Bought an ichor-stained chain mail for 285 gold pieces
 21347 | Orc:2    | Identified the +1 chain mail "Gososha" {Int+3} (You bought
                  | it in a shop on level 2 of the Orcish Mines)
 21459 | D:9      | Bought a +1 chain mail of poison resistance for 175 gold
                  | pieces
 21529 | D:7      | Bought a lajatang for 420 gold pieces
 22533 | D:12     | Found a transporter.
 22545 | D:12     | Found a bloodstained altar of Trog.
 22545 | D:12     | Noticed sn0wgr3's ghost (journeyman GrFi)
 22750 | D:12     | Found a transporter.
 23148 | D:12     | Found a portal to a secret trove of treasure.
 23366 | D:13     | Found a frozen archway.
 23388 | IceCv    | Entered an ice cave
 23405 | IceCv    | Reached ***** piety under the Shining One
 23909 | D:13     | Noticed Azrael
 23915 | D:13     | Reached skill level 1 in Ice Magic
 23921 | D:13     | HP: 6/127 [Azrael/damnation (36)]
 23922 | D:13     | Killed Azrael
 24242 | D:13     | Noticed Rupert
 24260 | D:13     | Killed Rupert
 24261 | D:13     | Reached skill level 5 in Ice Magic
 25231 | D:14     | Reached skill level 10 in Ice Magic
 25266 | D:14     | Reached XP level 17. HP: 133/133 MP: 26/28
 25740 | D:14     | Found a gate to the Vaults.
 25813 | D:14     | Learned a level 3 spell: Frozen Ramparts
 25888 | D:15     | Entered Level 15 of the Dungeon
 25918 | D:15     | Found Eliqod's Antique Armour Emporium.
 25934 | D:15     | Noticed Josephine
 25947 | D:15     | Killed Josephine
 25997 | D:15     | Bought a runed helmet for 187 gold pieces
 26174 | D:15     | Noticed Louise
 26182 | D:15     | Noticed Louise
 26182 | D:15     | Louise changed into Louise the alligator
 26189 | D:15     | Killed Louise the alligator
 26629 | D:15     | Found a broken altar of Ashenzari.
 27047 | D:15     | Found a staircase to the Depths.
 27339 | D:3      | Bought a brightly glowing buckler for 237 gold pieces
 27339 | D:3      | Identified the +0 buckler of the Stars {rF- rCorr Str+4
                  | Dex+5} (You bought it in a shop on level 3 of the Dungeon)
 27511 | Lair:1   | Identified the ring "Paomudy" {rElec EV+4 SInv}
 27669 | Spider:1 | Entered Level 1 of the Spider Nest
 27689 | Spider:1 | Noticed Roxanne
 27868 | Spider:1 | Killed Roxanne
 28442 | Spider:2 | Learned a level 3 spell: Ozocubu's Armour
 28716 | Spider:2 | Reached skill level 1 in Shields
 29184 | Spider:3 | Reached XP level 18. HP: 137/139 MP: 27/29
 29399 | Spider:3 | Reached skill level 15 in Armour
 30255 | Spider:4 | Entered Level 4 of the Spider Nest
 30387 | Spider:4 | Noticed Bai Suzhen
 30417 | Spider:4 | Killed Bai Suzhen
 30906 | Spider:4 | Reached skill level 15 in Fighting
 30913 | Spider:4 | Reached skill level 1 in Spellcasting
 31304 | Spider:4 | Got a gossamer rune of Zot
 31729 | Shoals:1 | Entered Level 1 of the Shoals
 31965 | Depths:1 | Entered Level 1 of the Depths
 31965 | Depths:1 | Found a gateway to a ziggurat.
 32114 | D:15     | Reached XP level 19. HP: 154/155 MP: 28/30
 32418 | Shoals:1 | Reached skill level 5 in Spellcasting
 32429 | Shoals:1 | Noticed Donald
 32439 | Shoals:1 | HP: 3/155 [Donald (10)]
 32442 | Lair:2   | Slain by Donald

Illustrated notes

Levels and vault maps discovered:
D:1:      minmay_arrival_wavy_path, layout_rooms,
          shapermc_ecumenical_altar_notcrosses
D:2:      layout_basic, uniq_robin, uniq_crazy_yiuf_cottage
D:3:      layout_rooms, portal_sewer_entry_c, serial_shops,
          nicolae_shop_overgrown_old_shop
D:4:      layout_loops_cross, ebering_ghost_reflecting_pool,
          chequers_serial_rivers_large_a
D:5:      layout_basic, mainiacjoe_overflow_concentric_impassable,
          marbit_many_paths, minmay_pentangle
D:6:      wander_river, layout_basic, mainiacjoe_overflow_paths,
          kennysheep_small_circle
D:7:      layout_loops_cross, minmay_temple_entry_grid, serial_shops,
          kennysheep_mini_moat, uniq_pikel
D:8:      layout_gridville, nicolae_shop_sticking_my_neck_out,
          uniq_prince_ribbit1
D:9:      layout_cave_pools, mainiacjoe_overflow_catwalk, elyvilon_altar_1,
          mainiacjoe_overflow_24_doors, lair_entry_dummy, serial_shops, shop
D:10:     layout_long_grid, nicolae_overflow_hidden_temple, david_orc_3
D:11:     layout_stronghold
D:12:     layout_loops_corners, gammafunk_ghost_wrathful_warriors, enter_trove_1
D:13:     layout_stronghold, portal_ice_cave_rime, uniq_rupert, uniq_azrael
D:14:     minmay_stone_box, layout_rooms, grunt_vaults_entry_fortified,
          serial_park_square1 [serial_park_minivault_5x5_2]
D:15:     hangedman_depths_entry_try_elsewhere_first, layout_basic,
          serial_shops, shop, nicolae_ashenzari_skybound, uniq_louise,
          uniq_josephine
Temple:   bh_familiar_temple
Lair:1:   gammafunk_cloud_chamber, layout_misc_corridors, beast_lair_carwin_9,
          grunt_megastairs_5
Lair:2:   layout_big_grid, shoals_dummy_entry, st_stairs_9,
          gammafunk_lair_bear_cave
Lair:3:   layout_roguey, nicolae_volcano_entry_two_sided, uniq_snorg
Lair:4:   layout_loops_ring, spider_nest_entry_a, tgw_fedhas, lemuel_fruit_tree
Lair:5:   lemuel_slime, layout_gridlike, slime_altar_1
Lair:6:   due_jungle_book, layout_loops_ring, bobbens_dragon_lair_wall,
          lemuel_fruit_fields, uniq_sonja
Shoals:1: layout_shoals, uniq_mlioglotl, uniq_donald
Spider:1: layout_spider_delve, uniq_roxanne
Spider:2: layout_spider_delve
Spider:3: layout_spider_delve, nicolae_spider_circle_web,
          nicolae_spider_eight_legs, hangedman_spider_tarantella_strand
Spider:4: grunt_spider_rune_parallel, nicolae_spider_claw_tunnel,
          uniq_bai_suzhen
Orc:1:    layout_caves, serial_shops, shop, lightli_orcish_oven
Orc:2:    st_orc_elflike, layout_caves, nicolae_orc_rockfall
Depths:1: layout_cave_shapes, enter_ziggurat_f, hell_entry,
          grunt_pan_entry_zigzag, grunt_decor_one_mirror, serial_bayou_pond_b,
          minmay_tree_intersection, nzn_hepliaklqana_mist_gate,
          serial_bayou_shore_b, minmay_shop_star, uniq_mara

Skill      XL: |  1  2  3  4  5  6  7  8  9 10 11 12 13 14 15 16 17 18 19 |
---------------+----------------------------------------------------------+-----
Fighting       | 3 4 5 6 7 9 10 11 15 | 15.0
Staves         | 4 5 6 8 9 11 12 14 | 14.0
Evocations     | 5 10 | 10.0
Invocations    | 2 3 5 10 15 | 15.0
Armour         | 6 10 11 14 15 | 15.0
Dodging        | 7 10 | 10.0
Ice Magic      | 10 12 | 12.3
Shields        | 4 |  4.0
Spellcasting   | 4 5 |  5.2
Throwing       | |  2.0

Action                   |  1- 3 |  4- 6 |  7- 9 | 10-12 | 13-15 | 16-18 | 19-21 || total
-------------------------+-------+-------+-------+-------+-------+-------+-------++-------
Melee: Quarterstaff      |    91 |   149 |   257 |   662 |  1384 |   104 |       ||  2647
       Dagger            |       |     2 |       |       |       |       |       ||     2
       Lajatang          |       |       |       |       |       |   860 |       ||   860
       Staff             |       |       |       |       |       |   749 |    31 ||   780
 Fire: Hunting sling     |       |       |     8 |       |       |       |       ||     8
Throw: Throwing net      |       |     4 |       |       |       |       |       ||     4
       Dart              |       |       |     1 |     1 |     3 |    10 |       ||    15
 Cast: Frozen Ramparts   |       |       |       |       |       |    42 |       ||    42
       Ozocubu's Armour  |       |       |       |       |       |     4 |       ||     4
Invok: Divine Shield     |       |       |       |     3 |    14 |    28 |       ||    45
       Cleansing Flame   |       |       |       |       |     6 |    15 |     4 ||    25
Evoke: Wand              |       |       |       |    29 |    24 |    35 |       ||    88
       Tin of tremorston |       |       |       |       |     7 |     5 |       ||    12
       Box of beasts     |       |       |       |       |       |     3 |       ||     3
  Use: Scroll            |     2 |     5 |     4 |    13 |     3 |    12 |       ||    39
       Potion            |       |     1 |     3 |       |     3 |     6 |     2 ||    15
 Stab: Held in net/web   |       |     1 |       |       |       |       |       ||     1
       Confused          |       |     1 |     1 |       |       |       |       ||     2
       Petrified         |       |       |     7 |       |       |       |       ||     7
       Petrifying        |       |       |     2 |       |       |       |       ||     2
Armor: Ring mail         |    39 |    75 |    85 |   220 |    29 |       |       ||   448
       Plate armour      |       |       |       |       |   821 |    74 |       ||   895
       Fire dragon scale |       |       |       |       |    12 |       |       ||    12
       Chain mail        |       |       |       |       |       |   956 |    30 ||   986
Dodge: Dodged            |    68 |    84 |   148 |   305 |   539 |  1044 |    37 ||  2225
       Repelled          |       |       |       |       |       |     4 |       ||     4
Block: Other             |       |       |       |     3 |   117 |   121 |       ||   241
       Buckler           |       |       |       |       |       |   423 |    12 ||   435

Table legend: (Time is in decaauts)
 A = Elapsed time spent in this place.
 B = Non-inter-level travel time spent in this place.
 C = Inter-level travel time spent in this place.
 D = Time resting spent in this place.
 E = Time spent auto-exploring this place.
 F = Levels seen in this place.
 G = Mean time per level.
                   A        B        C        D        E       F      G
               +--------+--------+--------+--------+--------+-----+--------+
         Total |  31341 |  28510 |   2831 |   4774 |  15191 |  33 |  949.7 |
       Dungeon |  16878 |  15125 |   1753 |   2951 |   8526 |  15 | 1125.2 |
        Temple |    254 |    198 |     56 |      4 |    176 |   1 |  254.0 |
          Lair |   7158 |   6477 |    681 |    555 |   3630 |   6 | 1193.0 |
        Shoals |     48 |     46 |      2 |      0 |      1 |   1 |   48.0 |
   Spider Nest |   3694 |   3503 |    191 |    605 |   1635 |   4 |  923.5 |
  Orcish Mines |   1923 |   1778 |    145 |    329 |    882 |   2 |  961.5 |
        Depths |     59 |     59 |      0 |     13 |      5 |   1 |   59.0 |
         Sewer |    500 |    500 |      0 |    217 |    144 |   1 |  500.0 |
      Ice Cave |    465 |    465 |      0 |     81 |    165 |   1 |  465.0 |
       Volcano |    358 |    358 |      0 |     17 |     26 |   1 |  358.0 |
               +--------+--------+--------+--------+--------+-----+--------+

Top non-repeatable levels by time:
  Lair:6: 1875 daAuts
     D:5: 1428 daAuts
     D:4: 1401 daAuts
     D:6: 1250 daAuts
  Lair:1: 1249 daAuts
Spider:4: 1231 daAuts
     D:2: 1214 daAuts
    D:13: 1205 daAuts
     D:1: 1184 daAuts
    D:10: 1170 daAuts
    D:15: 1140 daAuts
    D:14: 1121 daAuts
  Lair:5: 1079 daAuts
     D:8: 1075 daAuts
   Orc:1: 1061 daAuts
